 Dungeon Crawl Stone Soup version 0.29.0-5-ge4962eb29e (webtiles) character file.

Game seed: 10601895761502607685

17614 adizb the Basher (level 12, -4/114 HPs)
             Began as a Troll Warper on Aug 27, 2022.
             Was the Champion of Okawaru.
             Slain by a salamander
             ... wielding a +0 halberd
              (9 damage)
             ... in a volcano on Aug 28, 2022.
             The game lasted 01:16:25 (9094 turns).

adizb the Basher (Troll Warper)                     Turns: 9094, Time: 01:16:25

Health: -4/114     AC:  9    Str: 36    XL:     12   Next: 20%
Magic:  17/17      EV: 10    Int: 22    God:    Okawaru [******]
Gold:   860        SH:  0    Dex:  8    Spells: 8/19 levels left

rFire   . . .      SeeInvis .   D - +11 whip of Xizoilac {protect, Will+ Int+5}
rCold   . . .      Faith    .   (no shield)
rNeg    . . .      Spirit   .   L - +1 troll leather armour "Doru" {Regen+ Str+3}
rPois   .          Reflect  .   v - +1 hat
rElec   .          Harm     .   a - +0 cloak
rCorr   .          Rampage  .   (gloves unavailable)
Will    +....                   (boots unavailable)
Stlth   +.........              (no amulet)
HPRegen 1.89/turn               N - +6 ring of strength
MPRegen 0.15/turn               O - +6 ring of strength

@: studying Hexes
A: large, unfitting armour, claws 3, regeneration 1, shaggy fur 1, tough skin 1,
clever 1, noise suppression
a: Renounce Religion, Heroism, Finesse, Duel


You were in a volcano.
You worshipped Okawaru.
Okawaru was exalted by your worship.
You visited 2 branches of the dungeon, and saw 15 of its levels.
You also visited: Volcano.

You collected 860 gold pieces.

Inventory:

Hand Weapons
 D - the +11 whip of Xizoilac (weapon) {protect, Will+ Int+5}
   (You found it on level 5 of the Dungeon)

   It grants its wielder temporary protection when it strikes (+7 to AC).
   Int:       It affects your intelligence (+5).
   Will:      It increases your willpower.
 K - a +3 flail of electrocution
Missiles
 c - 6 boomerangs of dispersal
 e - 2 boomerangs
 l - a throwing net
 r - 12 curare-tipped darts
 y - 10 javelins
 B - 4 atropa-tipped darts
 C - 9 large rocks (quivered)
 J - 19 poisoned darts
 P - 3 datura-tipped darts
Armour
 a - a +0 cloak (worn)
 o - a +0 cloak
 v - a +1 hat (worn)
 w - +0 acid dragon scales
 L - the +1 troll leather armour "Doru" (worn) {Regen+ Str+3}
   (Okawaru gifted it to you on level 10 of the Dungeon)

   Str:       It affects your strength (+3).
   Regen:     It increases your rate of health regeneration.
Jewellery
 g - a ring of see invisible
 M - a ring of positive energy
 N - a +6 ring of strength (left claw)
 O - a +6 ring of strength (right claw)
Wands
 h - a wand of mindburst (12)
 j - a wand of polymorph (14)
 E - a wand of paralysis (17)
 G - a wand of flame (41)
 I - a wand of quicksilver (9)
Scrolls
 b - 2 scrolls of blinking
 f - a scroll of magic mapping
 k - 3 scrolls of identify
 m - 5 scrolls of enchant weapon
 x - 4 scrolls of amnesia
 H - 9 scrolls of teleportation
 R - a scroll of fear
Potions
 d - 7 potions of curing
 i - a potion of ambrosia
 n - 2 potions of invisibility
 p - 2 potions of resistance
 q - 4 potions of flight
 s - 2 potions of brilliance
 t - 2 potions of magic
 u - a potion of mutation
 z - a potion of heal wounds
 A - a potion of might
 F - a potion of haste
 Q - a potion of berserk rage {unknown}


   Skills:
 + Level 6.2 Fighting
 * Level 8.6 Maces & Flails
 - Level 6.2 Throwing
 * Level 3.7 Armour
 - Level 5.7 Dodging
 - Level 4.3 Unarmed Combat
 - Level 4.0 Spellcasting
 + Level 5.5 Hexes
 - Level 5.6 Translocations
 - Level 5.0 Invocations


You had 8 spell levels left.
You knew the following spells:

 Your Spells              Type           Power      Damage    Failure   Level
a - Blink                 Tloc           58%        N/A       1%          2
b - Lesser Beckoning      Tloc           29%        N/A       3%          3
c - Teleport Other        Tloc           29%        N/A       3%          3
d - Dazzling Flash        Conj/Hex       32%        N/A       12%         3

Your spell library contained the following spells:

 Spells                   Type           Power      Damage    Failure   Level
 Gell's Gravitas          Tloc           29%        N/A       3%          3
 Manifold Assault         Tloc           29%        N/A       32%         5
 Fulminant Prism          Conj/Hex       8%         3d7       36%         4
 Iskenderun's Mystic Bla  Conj/Tloc      16%        2d5       36%         4
 Airstrike                Air            2%         2d(1-17)  75%         4
 Blade Hands              Tmut           2%         N/A       97%         5
 Borgnjor's Vile Clutch   Necr/Erth      2%         N/A       97%         5
 Lee's Rapid Deconstruct  Erth           2%         3d5*      97%         5
 Lightning Bolt           Conj/Air       2%         1d13      97%         5
 Iron Shot                Conj/Erth      2%         9d2       100%        6
 Starburst                Conj/Fire      2%         6d3       100%        6
 Animate Armour           Summ/Erth      Unusable   N/A       N/A         4
 Animate Dead             Necr           Unusable   N/A       N/A         4
 Summon Lightning Spire   Summ/Air       Unusable   N/A       N/A         4
 Death Channel            Necr           Unusable   N/A       N/A         6

Dungeon Overview and Level Annotations

Branches:
Dungeon (13/15)            Temple (0/1) D:7            Lair (2/5) D:10
Volcano (1/1)
  Swamp: Lair:2-3    Shoals: Lair:2-3     Snake: Lair:2-3    Spider: Lair:2-3
    Orc: D:9-12      Vaults: D:13-14

Altars:
Cheibriados
Elyvilon
Fedhas
Hepliaklqana
Kikubaaqudgha
Makhleb
Okawaru
Qazlal
Ru
Sif Muna
Trog
Uskayaw
Vehumet
Wu Jian
Xom
Yredelemnul

Shops:
D:3 *


Innate Abilities, Weirdness & Mutations

You are too large for most types of armour.
You have claws for hands.
Your natural rate of healing is unusually fast.
You are covered in fur. (AC +1)
You have tough skin. (AC +1)
Your mind is acute. (Int +4, Str/Dex -1)
You passively dampen the noise of your surroundings.


Message History

Found 19 gold pieces.
Found 17 gold pieces.
A red draconian is nearby!
You see here 19 gold pieces.
Throw: 13 large rocks
Press: ? - help, Q - select action, (/) - cycle Shift-Dir - straight line, f - red draconian
Aim: a red draconian, wielding a +1 great mace of flaming and wearing a +0 cloak (62% to hit)
You throw a large rock.
The large rock hits the red draconian!!!
The red draconian is moderately wounded.
A salamander comes into view. It is wielding a +0 halberd.
Throw: 12 large rocks
Press: ? - help, Q - select action, (/) - cycle Shift-Dir - straight line, f/p - red draconian
Aim: a red draconian, wielding a +1 great mace of flaming and wearing a +0 cloak (moderately wounded, 62% to hit)
You throw a large rock. The large rock hits the red draconian.
The red draconian is moderately wounded.
The red draconian breathes fire at you. The searing blast hits you!
A salamander mystic comes into view. It is wielding a +0 scimitar.
Throw: 11 large rocks
Press: ? - help, Q - select action, (/) - cycle Shift-Dir - straight line, f/p - red draconian
Aim: a red draconian, wielding a +1 great mace of flaming and wearing a +0 cloak (moderately wounded, catching its breath, 62% to hit)
You throw a large rock. The large rock hits the red draconian!!
The red draconian is severely wounded.
You are engulfed in blazing flames.
The salamander mystic points at the salamander and mumbles some strange words.
The salamander seems to speed up.
The red draconian drinks a potion.
The red draconian is healed!
Found a +0 scimitar of flaming.
You see here 9 gold pieces.
Throw: 10 large rocks
Press: ? - help, Q - select action, (/) - cycle Shift-Dir - straight line, f/p - red draconian
Aim: a red draconian, wielding a +1 great mace of flaming and wearing a +0 cloak (heavily wounded, 62% to hit)
You throw a large rock. The large rock hits the red draconian!
The red draconian is severely wounded.
The red draconian breathes fire at you. The searing blast hits you!!!
* * * LOW HITPOINT WARNING * * *
The salamander hits you with a +0 halberd!
You die...

##.......≈≈
#...##..≈≈
#8.8# ...
##.## .. #.#
########'##
##....##...#
#°.d.N((.∩.+
#@8..⌠.#...#
#$N....##+##
##....##
###8## #[.)
.!$$# ######


You could see a red draconian (catching breath), a salamander mystic and a
salamander (fast).

Vanquished Creatures
  A hydra (D:11)
  2 two-headed ogres
  Sonja (Lair:2)
  An ugly thing (D:12)
  A salamander (Volcano)
  A cyclops (D:12)
  Joseph (D:10)
  6 elephants (Lair:1)
  2 black mambas (Lair:1)
  A kobold demonologist (D:12)
  4 komodo dragons
  3 trolls
  9 fire bats
  5 wyverns
  Eustachio (D:5)
  Menkaure (D:7)
  9 vampire mosquitoes (D:10)
  An acid dragon (D:9)
  Duvessa (D:7)
  3 water moccasins
  An orc warrior (D:10)
  A swamp drake (D:10)
  2 black bears
  An ice beast (D:6)
  A sky beast (D:6)
  An ogre (D:4)
  6 centaurs
  6 wolves (Lair:2)
  4 kobold brigands
  4 bullfrogs
  A gnoll sergeant (D:9)
  4 scorpions
  21 wights
  Dowan (D:7)
  12 killer bees
  2 howler monkeys
  A crimson imp (D:3)
  6 lava snakes (Volcano)
  2 gnoll boudas
  7 hounds
  3 jellies
  Crazy Yiuf (D:2)
  4 orc priests
  6 orc wizards
  3 iguanas
  15 gnolls
  8 adders
  A shadow imp (D:6)
  2 white imps (D:8)
  2 worms (D:2)
  3 dart slugs
  23 orcs
  13 ball pythons
  8 endoplasms
  2 giant cockroaches
  12 goblins
  9 hobgoblins
  18 kobolds
  4 quokkas
  3 bats
  3 frilled lizards
  5 rats
  A spectral hobgoblin (D:3)
287 creatures vanquished.

Vanquished Creatures (others)
  A fungus (Lair:2)
  A plant (Lair:2)
2 creatures vanquished.

Grand Total: 289 creatures vanquished

Notes
Turn   | Place    | Note
-------+----------+-------------------------------------------
     0 | D:1      | adizb the Troll Warper began the quest for the Orb.
     0 | D:1      | Reached XP level 1. HP: 19/19 MP: 1/1
    96 | D:1      | Found a faded altar of an unknown god.
   110 | D:1      | Reached XP level 2. HP: 27/28 MP: 3/3
   330 | D:1      | Reached skill level 1 in Throwing
   456 | D:2      | Reached XP level 3. HP: 35/35 MP: 4/4
   504 | D:2      | Learned a level 2 spell: Blink
   794 | D:2      | Found a runed translucent door.
   795 | D:2      | Noticed Crazy Yiuf
   801 | D:2      | Killed Crazy Yiuf
   802 | D:2      | Reached XP level 4. HP: 42/42 MP: 5/5
  1023 | D:2      | Identified the +6 leather armour "Voucub" {Dex+6}
  1158 | D:3      | Learned a level 3 spell: Lesser Beckoning
  1328 | D:3      | Found Niasch's General Store.
  1360 | D:3      | Found a hazy altar of Hepliaklqana.
  1610 | D:3      | Found a shimmering altar of Xom.
  1610 | D:3      | Found a burning altar of Makhleb.
  1622 | D:3      | Reached XP level 5. HP: 50/50 MP: 6/6
  2082 | D:4      | Found a radiant altar of Vehumet.
  2595 | D:4      | Noticed an ogre
  2610 | D:4      | Killed an ogre
  2611 | D:4      | Reached XP level 6. HP: 58/59 MP: 6/8
  2649 | D:4      | Gained mutation: Your mind is acute. (Int +4, Str/Dex -1)
                  | [potion of mutation]
  2649 | D:4      | Gained mutation: You passively dampen the noise of your
                  | surroundings. [potion of mutation]
  2653 | D:5      | Entered Level 5 of the Dungeon
  2696 | D:5      | Identified the +11 whip of Xizoilac {protect, Will+ Int+5}
  2729 | D:5      | Reached XP level 7. HP: 53/66 MP: 9/9
  2832 | D:5      | Reached skill level 1 in Maces & Flails
  3064 | D:5      | Learned a level 3 spell: Teleport Other
  3074 | D:5      | Found an iron altar of Okawaru.
  3074 | D:5      | Found a blossoming altar of Fedhas.
  3074 | D:5      | Found a stormy altar of Qazlal.
  3087 | D:5      | Found a snail-covered altar of Cheibriados.
  3092 | D:5      | Found a shimmering blue altar of Sif Muna.
  3122 | D:5      | Became a worshipper of Warmaster Okawaru
  3240 | D:5      | Noticed Eustachio
  3283 | D:5      | Killed Eustachio
  3305 | D:5      | Reached skill level 2 in Maces & Flails
  3451 | D:5      | Identified the +10 dagger "Horal" {drain, Dex+8}
  3577 | D:5      | Reached XP level 8. HP: 59/75 MP: 10/10
  3784 | D:6      | Found a white marble altar of Elyvilon.
  3790 | D:6      | Found an ornate altar of the Wu Jian Council.
  3796 | D:6      | Found a sacrificial altar of Ru.
  3798 | D:6      | Reached * piety under Okawaru
  3801 | D:6      | Found an ancient bone altar of Kikubaaqudgha.
  3820 | D:6      | Reached skill level 3 in Maces & Flails
  3943 | D:6      | Reached skill level 1 in Invocations
  4100 | D:6      | Reached ** piety under Okawaru
  4276 | D:6      | Reached skill level 4 in Maces & Flails
  4430 | D:6      | Identified a scroll of acquirement
  4430 | D:6      | Acquired a manual of Hexes
  4503 | D:7      | Reached XP level 9. HP: 84/84 MP: 12/12
  4518 | D:7      | Found a basalt altar of Yredelemnul.
  4528 | D:7      | Noticed Menkaure
  4630 | D:7      | Killed Menkaure
  4631 | D:7      | Reached skill level 1 in Hexes
  5005 | D:7      | Noticed Duvessa
  5006 | D:7      | Noticed Dowan
  5021 | D:7      | Killed Duvessa
  5030 | D:7      | Killed Dowan
  5069 | D:7      | Noticed a two-headed ogre
  5076 | D:7      | Killed a two-headed ogre
  5076 | D:7      | Reached *** piety under Okawaru
  5077 | D:7      | Reached skill level 5 in Maces & Flails
  5080 | D:7      | Found a staircase to the Ecumenical Temple.
  5592 | D:8      | Identified the +1 pair of gloves of Marbles {Fly rPois
                  | Str+3}
  5693 | D:8      | Reached XP level 10. HP: 70/94 MP: 14/14
  5835 | D:8      | Identified the +0 leather armour of the Sparrow {rElec
                  | Will+ Str+2 Int+3}
  5947 | D:8      | Reached **** piety under Okawaru
  5947 | D:8      | Received a gift from Okawaru
  6104 | D:9      | Reached skill level 6 in Maces & Flails
  6254 | D:9      | Found a hide-covered altar of Uskayaw.
  6274 | D:9      | Reached skill level 5 in Throwing
  6382 | D:9      | Reached skill level 5 in Dodging
  6413 | D:9      | Reached skill level 5 in Fighting
  6515 | D:10     | Entered Level 10 of the Dungeon
  6559 | D:10     | Noticed Joseph
  6577 | D:10     | Killed Joseph
  6603 | D:10     | Reached ***** piety under Okawaru
  6620 | D:10     | Reached skill level 5 in Translocations
  6695 | D:10     | Found a staircase to the Lair.
  6878 | D:10     | Learned a level 3 spell: Dazzling Flash
  6938 | D:10     | Reached XP level 11. HP: 92/104 MP: 16/16
  6938 | D:10     | You fall into a shaft and drop 3 floors!
  6942 | D:12     | Noticed a cyan ugly thing
  6958 | D:12     | Killed a cyan ugly thing
  6958 | D:12     | Received a gift from Okawaru
  7091 | D:12     | Reached skill level 1 in Armour
  7160 | D:12     | Noticed a two-headed ogre
  7168 | D:12     | Killed a two-headed ogre
  7169 | D:12     | Reached skill level 7 in Maces & Flails
  7327 | D:11     | Noticed a six-headed hydra
  7332 | D:11     | Killed a six-headed hydra
  7332 | D:11     | Received a gift from Okawaru
  7370 | D:11     | Identified the +6 short sword of the Tent {venom, rF+
                  | Dex+2}
  7470 | D:10     | Identified the +1 troll leather armour "Doru" {Regen+
                  | Str+3} (Okawaru gifted it to you on level 10 of the
                  | Dungeon)
  7470 | D:10     | Received a gift from Okawaru
  7609 | D:10     | Found a bloodstained altar of Trog.
  7873 | Lair:1   | Entered Level 1 of the Lair of Beasts
  7892 | Lair:1   | Reached ****** piety under Okawaru
  8150 | Lair:1   | Reached skill level 8 in Maces & Flails
  8150 | Lair:1   | Reached skill level 5 in Hexes
  8517 | Lair:1   | Reached skill level 5 in Invocations
  8754 | Lair:2   | Noticed Sonja
  8777 | Lair:2   | Killed Sonja
  8778 | Lair:2   | Reached XP level 12. HP: 91/102 MP: 15/17
  8894 | Lair:2   | Found a dark tunnel.
  8903 | Lair:2   | Upgraded the game from 0.29.0-4-gdea44cf6ec to
                  | 0.29.0-5-ge4962eb29e
  8906 | Volcano  | Entered a volcano
  9073 | Volcano  | Noticed a red draconian
  9094 | Volcano  | HP: 5/114 [red draconian/searing blast (43)]
  9094 | Volcano  | Slain by a salamander

Illustrated notes

Levels and vault maps discovered:
D:1:      lightli_arrival_isolated_outpost, layout_basic,
          chequers_ecumenical_altar_simple_redux, minmay_pentomino_q2
D:2:      layout_loops_ring, uniq_crazy_yiuf_cottage
D:3:      layout_loops_ring, grunt_temple_overflow_champion_of_chaos,
          nicolae_hepliaklqana_monster_ancestors, serial_shops, shop,
          nicolae_figureground_pulse
D:4:      layout_rooms, mainiacjoe_overflow_paths, serial_co_window_serial,
          co_window_corner_a, co_window_paths_a, co_window_cross_1,
          co_window_paths_a, co_window_corner_a, co_window_of_opportunity_b,
          co_window_corner_b, co_window_unsneaky_path_d, co_window_corner_b,
          glass_columns_b, minmay_ogre_servants
D:5:      layout_loops_corners, minmay_overflow_temple_star_hex,
          chequers_garden, uniq_eustachio
D:6:      layout_loops_ring, grunt_temple_overflow_open
D:7:      layout_basic, amcnicky_altar_gilded, minmay_temple_entry_poolview,
          uniq_duvessa, uniq_menkaure
D:8:      layout_basic, minmay_misc_feat_rugged
D:9:      layout_basic, mainiacjoe_overflow_cross_hatched, nicolae_diode_basic
D:10:     layout_cave_pools, mainiacjoe_overflow_surrounded_room,
          erik_lair_dragon, uniq_joseph
D:11:     layout_cave_pools, serial_shops, shop, shop, kennysheep_mini,
          st_stairs_5, uniq_urug
D:12:     layout_basic, david_orc_2
D:13:     layout_loops_corners, skrybe_vaults_entry_preservation,
          lightli_fourway_metalbox
Lair:1:   layout_cave_pods, serial_bayou_crossing
Lair:2:   layout_concentric_octagons, nicolae_volcano_entry_batcave,
          beast_lair_carwin_1, serial_bayou_shore_b, uniq_sonja
Volcano:  volcano_grotto [vgs_many_chambers]

Skill      XL: |  1  2  3  4  5  6  7  8  9 10 11 12 |
---------------+-------------------------------------+-----
Dodging        | 2 3 4 5 |  5.7
Throwing       | 1 2 3 4 5 6 |  6.2
Fighting       | 2 3 4 5 6 |  6.2
Unarmed Combat | 3 4 |  4.3
Spellcasting   | 2 3 4 |  4.0
Translocations | 3 4 5 |  5.6
Maces & Flails | 2 4 5 6 8 |  8.6
Invocations    | 1 2 4 5 |  5.0
Hexes          | 2 3 5 |  5.5
Armour         | 2 3 |  3.7

Action                   |  1- 3 |  4- 6 |  7- 9 | 10-12 || total
-------------------------+-------+-------+-------+-------++-------
Melee: Unarmed           |    72 |   149 |       |       ||   221
       Punch             |     2 |     1 |     4 |    15 ||    22
       Whip              |       |     8 |   242 |   540 ||   790
Throw: Boomerang         |     5 |     9 |    38 |    48 ||   100
       Throwing net      |     1 |       |       |     1 ||     2
       Javelin           |       |    10 |    16 |    16 ||    42
       Large rock        |       |     1 |    13 |    29 ||    43
       Dart              |       |       |       |     8 ||     8
 Cast: Blink             |       |       |       |    10 ||    10
Invok: Heroism           |       |       |       |     4 ||     4
  Use: Scroll            |     1 |     4 |    10 |     2 ||    17
       Potion            |       |     1 |     6 |     2 ||     9
 Stab: Sleeping          |       |     1 |     1 |       ||     2
Armor: Robe              |    22 |    61 |   106 |    73 ||   262
       Acid dragon scale |       |       |       |    67 ||    67
       Troll leather arm |       |       |       |   153 ||   153
Dodge: Dodged            |    27 |    81 |   111 |   297 ||   516
